 Dungeon Crawl Stone Soup version 0.17.1-3-g152610e (webtiles) character file.

22 DanteCalvez the Vexing (level 2, 19/19 HPs)
             Began as a Vampire Enchanter on Apr 19, 2016.
             Quit the game on level 1 of the Dungeon.
             The game lasted 00:03:21 (2961 turns).

DanteCalvez the Vexing (Vampire Enchanter)          Turns: 2961, Time: 00:03:21

Health: 19/19      AC:  3    Str:  7    XL:     2   Next: 68%
Magic:  5/5        EV: 12    Int: 17    God:
Gold:   53         SH:  0    Dex: 14    Spells: 2 memorised, 2 levels left

rFire  . . .     SeeInvis +     a - +1 dagger
rCold  + + .     Clarity  .     b - +1 robe
rNeg   + + +     SustAt   .     (no shield)
rPois  ∞         Gourm    .     (no helmet)
rElec  .         Spirit   .     (no cloak)
rCorr  .         Warding  .     (no gloves)
rMut   .         Stasis   .     (no boots)
MR     .....                    (no amulet)
Stlth  +++.......               (no ring)
                                (no ring)

@: bloodless, non-regenerating, not resistant to hostile enchantments, fairly
stealthy
A: fangs 3, see invisible, unbreathing
a: no special abilities


You were on level 1 of the Dungeon.
You were bloodless.

You visited 1 branch of the dungeon, and saw 1 of its levels.

You collected 53 gold pieces.


Innate Abilities, Weirdness & Mutations

You do not heal naturally.
You are immune to poison.
You have razor-sharp teeth.
You have supernaturally acute eyesight.
You can survive without breathing.


   Skills:
 - Level 1.1 Short Blades
 - Level 2.1 Dodging
 + Level 4.8 Stealth
 + Level 2.3 Spellcasting
 + Level 5.1 Hexes


You had 2 spell levels left.
You knew the following spells:

 Your Spells              Type           Power        Failure   Level  Hunger
a - Corona                Hex            ###....      2%          1    #......
s - Ensorcelled Hibernat  Hex/Ice        ##....       12%         2    ###....

Inventory:

Hand Weapons
 a - a +1 dagger (weapon)
Armour
 b - a +1 robe (worn)
Jewellery
 k - a +3 ring of dexterity {unknown}
Scrolls
 i - a scroll of identify {unknown}
 j - a scroll of teleportation {unknown}
Potions
 e - 2 potions of cancellation {unknown}
 f - 2 potions of haste {unknown}
 g - a potion of resistance {unknown}
 h - 3 potions of curing {unknown}
Books
 c - a book of Maledictions

   Spells                             Type                      Level
   a - Corona                         Hexes                        1
   b - Ensorcelled Hibernation        Hexes/Ice                    2
   c - Confuse                        Hexes                        3
   d - Tukima's Dance                 Hexes                        3
   e - Dazzling Spray                 Conjuration/Hexes            3

Dungeon Overview and Level Annotations

Branches:
Dungeon (1/15)

Altars:

....................>........####
##.##...............#........#
...##.###.#########.#..#########
#..##.#......# #.#(##.......#
#..##.#.#.##.# ##+#'##.......#
#..##.#.#.##.# #.............#
......#.#.##.# #.............#
##..###.#.##.#####.............#
##..###.#.##.#..V+.............#
........#....#.###..........[..#
##..#####)...#.#..#+####.......#
.............#.#...............#
...#.#....####.#...........#####
...#.......................#
..##....................)..#
..##(......................######
..##..###........#...............


There were no monsters in sight!


Message History

One of your 5 potions of blood {@q4} rots away.
Done waiting.
You start waiting.
A giant gecko comes into view.
Aiming: Ensorcelled Hibernation
Aim: a giant gecko (clinging, hasn't noticed you, chance to defeat MR: 79%)
The giant gecko looks drowsy...
The helpless giant gecko fails to defend itself.
You bite the giant gecko, and draw its blood!
You feel slightly less thirsty.
You puncture the giant gecko!
You kill the giant gecko!
You start resting.
Magic restored.
You start waiting.
One of your 4 potions of blood {@q4} rots away.
One of your 3 potions of blood {@q4} rots away.
Done waiting.
You start waiting.
One of your 2 potions of blood {@q4} rots away.
Done waiting.
You start waiting.
You feel devoid of blood!
You start waiting.
Done waiting.
You start waiting.
Your potion of blood {@q4} rots away.
Done waiting.
Saving game... please wait.
Welcome back, DanteCalvez the Vampire Enchanter.
Are you sure you want to abandon this character and quit the game? (Confirm with "yes".)

Action                   || total
-------------------------++-------
Melee: Dagger            ||    33
 Cast: Ensorcelled Hiber ||     6
       Corona            ||     2
  Use: Potion            ||     1
 Stab: Sleeping          ||     9

Vault maps used:
D:1:      tarquinn_simple_flora_water_b

Notes
Turn   | Place    | Note
--------------------------------------------------------------
     0 | D:1      | DanteCalvez the Vampire Enchanter began the quest for the Orb.
     0 | D:1      | Reached XP level 1. HP: 13/13 MP: 3/3
   271 | D:1      | Reached XP level 2. HP: 11/19 MP: 5/5
   286 | D:1      | Learned a level 2 spell: Ensorcelled Hibernation
   620 | D:1      | Reached skill level 5 in Hexes
  2961 | D:1      | Quit the game

Vanquished Creatures
  A giant gecko (D:1)
  5 goblins (D:1)
  2 hobgoblins (D:1)
  4 jackals (D:1)
  A kobold (D:1)
  3 bats (D:1)
  A giant newt (D:1)
17 creatures vanquished.
